 Dungeon Crawl Stone Soup version 0.22-a0-458-gb446440 (webtiles) character file.

89 4thArraOfDagon the Skirmisher (level 4, 0/41 HPs)
             Began as a Hill Orc Fighter on June 8, 2018.
             Slain by Sigmund
             ... wielding a +2 scythe of freezing
              (1 damage)
             ... on level 3 of the Dungeon.
             The game lasted 00:00:40 (117 turns).

4thArraOfDagon the Skirmisher (Hill Orc Fighter)     Turns: 117, Time: 00:00:41

Health: 0/41       AC:  7    Str: 21 (23) XL:     4   Next: 55%
Magic:  4/4        EV:  9    Int:  7 (9)  God:
Gold:   5          SH:  0    Dex:  9 (10) Spells: 3/3 levels left

rFire    . . .     SeeInvis .   a - +0 war axe
rCold    . . .     Gourm    .   (no shield)
rNeg     . . .     Faith    .   b - +0 scale mail
rPois    .         Spirit   .   (no helmet)
rElec    .         Reflect  .   (no cloak)
rCorr    .         Harm     .   (no gloves)
MR       .....                  (no boots)
Stlth    ..........             (no amulet)
HPRegen  0.13/turn              (no ring)
MPRegen  0.09/turn              (no ring)

@: mighty
A: no striking features
a: no special abilities


You were on level 3 of the Dungeon.
You were not hungry.

You visited 1 branch of the dungeon, and saw 3 of its levels.

You collected 5 gold pieces.

Inventory:

Hand Weapons
 a - a +0 war axe (weapon)
Armour
 b - a +0 scale mail (worn)
Scrolls
 c - a scroll of fear {unknown}
Potions
 d - a potion of degeneration
Comestibles
 f - 4 rations


   Skills:
 + Level 4.6 Fighting
 + Level 4.1 Axes
 + Level 4.2 Armour
   Level 3.2 Shields


You had 3 spell levels left.
You didn't know any spells.
Your spell library was empty.

Dungeon Overview and Level Annotations

Branches:
Dungeon (3/15)

Altars:

Annotations:
D:3 Sigmund


Message History

Found a stone staircase leading up.
You slash the orc!
You kill the orc!
You closely miss the orc. Something hits you.
* * * LOW HITPOINT WARNING * * *
Something freezes you.
* * * LOW HITPOINT WARNING * * *
The orc hits you with a hand axe.
* * * LOW HITPOINT WARNING * * *
Unknown command.
Unknown command.
A rat comes into view.
Found an escape hatch in the ceiling.
Unknown command.
There is a stone staircase leading up here.
Unknown command.
The orc hits you but does no damage. Something hits you.
* * * LOW HITPOINT WARNING * * *
Something freezes you.
You die...

...... ....##
.#...#.....# #
.#........# #.##
.........## #...##
#..........
#@###r#.........
##o#.##r........
#{r# #.l.>...# #o.#
#.o.....#
##.##.o###o......#
.........).o.....##
###########.....##
......# ##..###


You could see 3 orcs and a rat.

Vanquished Creatures
  An ogre (D:2)
  An orc (D:3)
  A bat (D:2)
  2 hobgoblins
  A frilled lizard (D:1)
6 creatures vanquished.

Notes
Turn   | Place    | Note
-------+----------+-------------------------------------------
     0 | D:1      | 4thArraOfDagon the Hill Orc Fighter began the quest for the Orb.
     0 | D:1      | Reached XP level 1. HP: 19/19 MP: 1/1
    60 | D:2      | Noticed an ogre
    72 | D:2      | Killed an ogre
    72 | D:2      | Reached XP level 2. HP: 7/28 MP: 2/2
    72 | D:2      | Reached XP level 3. HP: 9/34 MP: 3/3
    72 | D:2      | Reached XP level 4. HP: 11/41 MP: 4/4
   102 | D:3      | Noticed Sigmund
   103 | D:3      | Noticed a hippogriff
   117 | D:3      | HP: 1/41 [something (4)]
   117 | D:3      | Slain by Sigmund

Vault maps used:
D:1:      dpeg_arrival_simpleton_c
D:2:      ashenzari_conservatory_becter, uniq_jessica
D:3:      nicolae_overflow_crystal_walls, first_ration, uniq_sigmund

Skill      XL: |  1 |
---------------+----+-----
Fighting       | 4 |  4.6
Axes           | 4 |  4.1
Armour         | 4 |  4.2
Shields        | |  3.2

Action                   |  1- 3 |  4- 6 || total
-------------------------+-------+-------++-------
Melee: War axe           |     6 |     4 ||    10
  Use: Potion            |     1 |     1 ||     2
Armor: Scale mail        |     1 |     3 ||     4
Dodge: Dodged            |     4 |     3 ||     7

Table legend:
 A = Spawn XP
 B = Non-spawn XP
 C = Spawn XP percentage of total XP
 D = Spawn monster count
 E = Non-spawn monster count
 F = Spawn count percentage of total count
 G = Total turns spent on level
                    A         B        C        D         E        F      G
               +---------+---------+-------+---------+---------+-------+---------
         Total |       0 |     128 |   0.0 |       0 |       6 |   0.0 |   117
               +---------+---------+-------+---------+---------+-------+---------
           D:1 |       0 |       3 |   0.0 |       0 |       2 |   0.0 |    50
           D:2 |       0 |     122 |   0.0 |       0 |       3 |   0.0 |    52
           D:3 |       0 |       3 |   0.0 |       0 |       1 |   0.0 |    15
               +---------+---------+-------+---------+---------+-------+---------
